 Dungeon Crawl Stone Soup version 0.31-a0-1591-g515db51633 (webtiles) character file.

Game seed: 11785700438651315072

3357 shadizar the Fighter (level 10, -19/78 HPs)
             Began as a Djinni Fire Elementalist on Jan 6, 2024.
             Was a Follower of Makhleb.
             Demolished by a two-headed ogre
             ... wielding a +0 giant spiked club
              (34 damage)
             ... on level 8 of the Dungeon.
             The game lasted 00:22:05 (8334 turns).

shadizar the Fighter (Djinni Fire Elementalist)     Turns: 8334, Time: 00:22:07

Health: -19/78     AC:  9    Str:  7    XL:     10   Next: 23%
Gold:   444        EV: 12    Int: 20    God:    Makhleb [*.....] SH:  0 Dex: 15

rFire   + + .        F - +2 flail (protect)
rCold   . . .        (no shield)
rNeg    . . .        G - +2 ring mail {rPois}
rPois   ∞            (no helmet)
rElec   .            i - +0 cloak
rCorr   .            (no gloves)
SInv    .            (boots unavailable)
Will    +....        o - amulet of the acrobat
Stlth   +            l - ring of protection from cold
HPRegen 0.33/turn    x - ring of wizardry
MPRegen 0.00/turn

%: acrobat, wizardry (x1), infuse magic (-20 HP)
@: flying, studying Dodging
A: sickness immunity, fire resistance 2, cold vulnerability 1, float, innate
caster, HP casting, extra vitality 1
a: Renounce Religion


You were on level 8 of the Dungeon.
You worshipped Makhleb.
Makhleb was aware of your devotion.
You visited 2 branches of the dungeon, and saw 10 of its levels.

You collected 444 gold pieces.

Inventory:

Hand Weapons
 u - a +1 dagger of speed
 F - a +2 flail of protection (weapon)
Armour
 i - a +0 cloak (worn)
 p - a +0 robe of willpower
 G - a +2 ring mail of poison resistance (worn)
Jewellery
 l - a ring of protection from cold (left hand)
 o - an amulet of the acrobat (around neck)
 x - a ring of wizardry (right hand)
 B - a ring of see invisible
Wands
 a - a wand of mindburst (18)
 E - a wand of roots (8)
Scrolls
 d - a scroll of revelation
 e - 3 scrolls of teleportation
 g - a scroll of enchant weapon
 r - a scroll of fear
Potions
 b - 4 potions of curing
 c - 2 potions of haste
 f - a potion of degeneration {unknown}
 h - a potion of berserk rage {unknown}
 j - a potion of might
 k - 3 potions of heal wounds
 m - a potion of enlightenment
 n - 2 potions of brilliance {unknown}
 q - a potion of ambrosia
 A - a potion of invisibility


   Skills:
 + Level 9.4 Fighting
 + Level 5.0 Armour
 + Level 8.0 Dodging
 - Level 1.5 Stealth
 * Level 6.2 Spellcasting
 * Level 6.2 Conjurations
 * Level 6.2 Hexes
   Level 0.0 Charms
 * Level 6.2 Summonings
 * Level 6.2 Necromancy
 * Level 6.2 Translocations
   Level 0.0 Transmutations
 * Level 6.2 Fire Magic
 * Level 6.2 Ice Magic
 * Level 6.2 Air Magic
 * Level 6.2 Earth Magic
 * Level 6.2 Alchemy


You knew the following spells:

 Your Spells              Type           Power      Damage    Failure   Level
a - Foxfire               Conj/Fire      100%       2x1d9     1%          1
b - Scorch                Fire           62%        2d7       1%          2
c - Volatile Blastmotes   Fire/Tloc      62%        2d15      3%          3
d - Inner Flame           Hex/Fire       31%        N/A       3%          3
e - Flame Wave            Conj/Fire      31%        2d9       10%         4
f - Shock                 Conj/Air       100%       1d9       1%          1
g - Ensorcelled Hibernat  Hex/Ice        62%        N/A       1%          2
h - Gell's Gravitas       Tloc           31%        N/A       3%          3
i - Sticky Flame          Fire/Alch      31%        2d7       10%         4
Your spell library was empty.

Dungeon Overview and Level Annotations

Branches:
Dungeon (9/15)             Temple (1/1) D:4            Lair (0/5) D:8
    Orc: D:9-12

Altars:
Ashenzari
Cheibriados
Dithmenos
Elyvilon
Fedhas
Gozag
Hepliaklqana
Makhleb
Nemelex Xobeh
Okawaru
Qazlal
Ru
Trog
Uskayaw
Wu Jian
Xom
Yredelemnul
Zin
The Shining One

Annotations:
D:6 1 runed translucent door, Dirian's ghost, novice DrSh


Innate Abilities, Weirdness & Mutations

You are immune to sickness and miasma.
You are immune to poison.
Your flesh is very heat resistant. (rF++)
You are vulnerable to cold. (rC-)
You float through the air rather than walking.
You learn spells naturally, not from books.
Your magical power is your life essence.
You have superior vitality. (+4 MHP)


Message History

The orc wizard is lightly wounded.
The orc wizard completely misses you.
The orc wizard attacks as it pursues you!
The orc wizard completely misses you.
The orc wizard attacks as it pursues you!
The orc wizard hits you but does no damage.
The orc wizard points at you and mumbles some strange words.
You easily resist.
The orc wizard gestures wildly while chanting.
The orc wizard flickers and vanishes!
Deactivating autopickup; reactivate with Ctrl-A.
The orc priest mumbles some strange prayers to Beogh against you.
Beogh smites you!
The orc priest begins to cast a cantrip, but forgets the words!
An orc wizard appears from thin air!
Reactivating autopickup.
The orc priest mumbles some strange prayers to Beogh against you.
Beogh smites you! The orc wizard casts a spell at you.
You are confused.
The orc priest calls down the wrath of Beogh upon you.
Beogh smites you! The two-headed ogre misses you.
The two-headed ogre completely misses you.
The two-headed ogre hits you but does no damage.
The two-headed ogre closely misses you. The orc wizard barely misses you.
The two-headed ogre attacks as it pursues you!
The two-headed ogre hits you with a +0 giant spiked club!!
The two-headed ogre hits you with a +0 giant spiked club!
* * * LOW HITPOINT WARNING * * *
The orc closely misses you.
The orc priest looks encouraged for a moment.
You bump into the rock wall.
You feel less confused. The orc barely misses you.
The orc wizard points at you and mumbles some strange words.
The magic dart hits you!
* * * LOW HITPOINT WARNING * * *
The two-headed ogre hits you with a +0 giant spiked club!!
You die...

...#......# #...# ...+......#
#...# #+##......#### #...#
............^# #####...#
.............# ##...#...#
.............# #........#
.............# #<.......#
............o########..###..#
#'####'##......o@...#..###..#
....#...#.......Oo..#.......#
....#...#...........'.......#
....#)..#...........#.......#
...###+##...........#.......#
...#.......####.....#'#######
...#.......#..#####....##...#
...#.......#......'....#....#
#.......#......#....'....#


You could see a two-headed ogre, an orc priest, an orc wizard and an orc.

Vanquished Creatures
  A rime drake (D:8)
  7 yaks
  A steam dragon (D:8)
  Menkaure (D:5)
  Edmund (D:5)
  4 ice beasts
  A wolf (D:8)
  2 centaurs (D:8)
  2 kobold brigands
  3 bullfrogs
  A scorpion (D:5)
  A bombardier beetle (D:4)
  A jelly (D:5)
  2 orc priests
  4 hounds
  An iguana (D:5)
  A sleepcap (D:7)
  8 orc wizards
  4 adders
  2 white imps
  6 ufetubi (D:6)
  A dart slug (D:2)
  4 ribbon worms
  21 orcs
  9 endoplasms
  A giant cockroach (D:2)
  6 goblins
  6 hobgoblins
  7 jackals
  20 kobolds
  6 quokkas
  5 ball pythons
  9 bats
  3 frilled lizards (D:1)
  11 rats
163 creatures vanquished.

Vanquished Creatures (collateral kills)
  A foxfire (D:8)
1 creature vanquished.

Vanquished Creatures (others)
  564 foxfires
564 creatures vanquished.

Grand Total: 728 creatures vanquished

Notes
Turn   | Place    | Note
-------+----------+-------------------------------------------
     0 | D:1      | shadizar the Djinni Fire Elementalist began the quest for
                  | the Orb.
     0 | D:1      | shadizar set off with the following spells memorised:
                  | Foxfire, Scorch, Volatile Blastmotes, Inner Flame, Flame
                  | Wave.
     0 | D:1      | Reached XP level 1. HP: 15/15 MP: 0/0
   188 | D:1      | Reached XP level 2. HP: 19/22 MP: 0/0
   212 | D:1      | Reached skill level 1 in Fighting
   491 | D:1      | Reached XP level 3. HP: 27/28 MP: 0/0
   491 | D:1      | Learned a level 1 spell: Shock
   758 | D:2      | Reached skill level 2 in Fighting
  1030 | D:2      | Reached XP level 4. HP: 31/34 MP: 0/0
  1542 | D:2      | Reached skill level 3 in Fighting
  1678 | D:3      | Found a broken altar of Ashenzari.
  1787 | D:3      | Reached XP level 5. HP: 30/40 MP: 0/0
  1787 | D:3      | Learned a level 2 spell: Ensorcelled Hibernation
  1935 | D:3      | Found a faded altar of an unknown god.
  2914 | D:4      | Found a staircase to the Ecumenical Temple.
  2949 | D:4      | Reached skill level 4 in Fighting
  2950 | Temple   | Entered the Ecumenical Temple
  2972 | Temple   | Became a worshipper of Makhleb the Destroyer
  3118 | D:4      | Reached XP level 6. HP: 43/47 MP: 0/0
  3477 | D:5      | Entered Level 5 of the Dungeon
  3665 | D:5      | Noticed Menkaure
  3672 | D:5      | Killed Menkaure
  3673 | D:5      | Reached skill level 5 in Fighting
  3673 | D:5      | Reached XP level 7. HP: 34/54 MP: 0/0
  3673 | D:5      | Learned a level 3 spell: Gell's Gravitas
  3749 | D:5      | Found a glowing silver altar of Zin.
  4296 | D:5      | Reached skill level 6 in Fighting
  4411 | D:5      | Noticed Edmund
  4426 | D:5      | Killed Edmund
  4641 | D:6      | Reached XP level 8. HP: 48/62 MP: 0/0
  4738 | D:6      | Found a sacrificial altar of Ru.
  4786 | D:6      | Reached skill level 1 in Armour
  4812 | D:6      | You are sucked into a shaft and drop 3 floors!
  4937 | D:9      | Noticed a yak
  4937 | D:9      | Noticed a yak
  5076 | D:9      | Noticed a yak
  5101 | D:9      | Noticed a hornet
  5115 | D:8      | Reached skill level 7 in Fighting
  5246 | D:8      | Found an iron altar of Okawaru.
  5459 | D:6      | Reached skill level 5 in Spellcasting
  5459 | D:6      | Reached skill level 5 in Conjurations
  5459 | D:6      | Reached skill level 5 in Hexes
  5459 | D:6      | Reached skill level 5 in Summonings
  5459 | D:6      | Reached skill level 5 in Necromancy
  5459 | D:6      | Reached skill level 5 in Translocations
  5459 | D:6      | Reached skill level 5 in Fire Magic
  5459 | D:6      | Reached skill level 5 in Ice Magic
  5459 | D:6      | Reached skill level 5 in Air Magic
  5459 | D:6      | Reached skill level 5 in Earth Magic
  5459 | D:6      | Reached skill level 5 in Alchemy
  5615 | D:6      | Reached * piety under Makhleb
  5656 | D:6      | Found a runed translucent door.
  5961 | D:6      | Found a sparkling altar of Nemelex Xobeh.
  6097 | D:6      | Noticed Dirian's ghost (novice DrSh)
  6224 | D:7      | Reached XP level 9. HP: 70/70 MP: 0/0
  6224 | D:7      | Learned a level 4 spell: Sticky Flame
  6302 | D:6      | Reached skill level 8 in Fighting
  6302 | D:6      | Reached skill level 5 in Dodging
  6721 | D:7      | Found a hazy altar of Hepliaklqana.
  7248 | D:7      | Reached skill level 9 in Fighting
  7527 | D:8      | Found a staircase to the Lair.
  7527 | D:8      | Noticed a rime drake
  7557 | D:8      | Noticed a two-headed ogre
  7799 | D:8      | Killed a rime drake
  7800 | D:8      | Reached XP level 10. HP: 59/78 MP: 0/0
  7958 | D:7      | Reached skill level 5 in Armour
  8334 | D:8      | Demolished by a two-headed ogre

Illustrated notes

Levels and vault maps discovered:
D:1:      amcnicky_arrival_feature_with_door, layout_basic
D:2:      wad_pebble_path, layout_basic, minmay_pentomino_z4
D:3:      layout_basic, cheibrodos_ashenzari_chains,
          mainiacjoe_overflow_chevrons, shapermc_ecumenical_altar_totnotflames,
          minmay_between
D:4:      layout_loops_cross, minmay_temple_entry_stoned_glass,
          dreamdust_wishing_well
D:5:      layout_loops_corners, zin_academy, minivault_4,
          kennysheep_pointless_box, uniq_edmund, uniq_menkaure
D:6:      layout_gridville, nicolae_ru_path_of_blood,
          nemelex_xobeh_ov_fountains_minmay, ebering_ghost_reflecting_pool
D:7:      layout_cave_pools, nicolae_overflow_crystal_walls
D:8:      layout_gridville, mainiacjoe_overflow_boulevard,
          hellmonk_lair_entry_icy, uniq_jeremiah
D:9:      layout_basic
Temple:   regret_index_temple_waves

Skill      XL: |  1  2  3  4  5  6  7  8  9 10 |
---------------+-------------------------------+-----
Fighting       | 1 2 3 4 5 6 7 9 |  9.4
Spellcasting   | 4 5 6 |  6.2
Conjurations   | 4 5 6 |  6.2
Hexes          | 4 5 6 |  6.2
Summonings     | 4 5 6 |  6.2
Necromancy     | 4 5 6 |  6.2
Translocations | 4 5 6 |  6.2
Fire Magic     | 4 5 6 |  6.2
Ice Magic      | 4 5 6 |  6.2
Air Magic      | 4 5 6 |  6.2
Earth Magic    | 4 5 6 |  6.2
Alchemy        | 4 5 6 |  6.2
Armour         | 2 4 5 |  5.0
Dodging        | 4 7 8 |  8.0
Stealth        | |  1.5

Action                     |  1- 3 |  4- 6 |  7- 9 | 10-12 || total
---------------------------+-------+-------+-------+-------++-------
  Melee: Club              |     1 |     6 |       |       ||     7
         Flail             |       |       |     4 |       ||     4
   Cast: Foxfire           |    76 |    85 |   157 |    26 ||   344
         Scorch            |     4 |    50 |    64 |     7 ||   125
         Volatile Blastmot |       |       |     2 |       ||     2
         Gell's Gravitas   |       |       |    10 |     3 ||    13
    Use: Scroll            |       |     4 |    15 |       ||    19
         Potion            |       |       |     1 |       ||     1
   Stab: Sleeping          |       |       |     1 |       ||     1
 Armour: Robe              |     3 |    10 |     4 |       ||    17
         Ring mail         |       |       |    56 |    17 ||    73
  Dodge: Dodged            |    10 |    22 |    84 |    20 ||   136

Table legend: (Time is in decaauts)
 A = Elapsed time spent in this place.
 B = Non-inter-level travel time spent in this place.
 C = Inter-level travel time spent in this place.
 D = Time resting spent in this place.
 E = Time spent auto-exploring this place.
 F = Levels seen in this place.
 G = Mean time per level.
                   A        B        C        D        E       F      G
               +--------+--------+--------+--------+--------+-----+--------+
         Total |   8339 |   8181 |    158 |      0 |   6169 |  10 |  833.9 |
       Dungeon |   8288 |   8130 |    158 |      0 |   6169 |   9 |  920.9 |
        Temple |     50 |     50 |      0 |      0 |      0 |   1 |   50.0 |
               +--------+--------+--------+--------+--------+-----+--------+

Top non-repeatable levels by time:
     D:6: 1697 daAuts
     D:5: 1108 daAuts
     D:3: 1061 daAuts
     D:7: 938 daAuts
     D:2: 841 daAuts
     D:8: 818 daAuts
     D:4: 781 daAuts
     D:1: 741 daAuts
     D:9: 298 daAuts
  Temple: 50 daAuts
